 Dungeon Crawl Stone Soup version 0.25-a0-479-g8579842fd4 (webtiles) character file.

Game seed: 13848552746884315594, levelgen mode: deterministic

28 Error4North the Shield-Bearer (level 3, -1/33 HPs)
             Began as a Hill Orc Fighter on Feb 9, 2020.
             Slain by Sigmund
             ... wielding a +0 scythe
              (5 damage)
             ... on level 2 of the Dungeon.
             The game lasted 00:02:20 (861 turns).

Error4North the Shield-Bearer (Hill Orc Fighter)     Turns: 861, Time: 00:02:21

Health: -1/33      AC:  9    Str: 19    XL:     3   Next: 14%
Magic:  3/3        EV:  5    Int:  8    God:
Gold:   76         SH:  0    Dex: 12    Spells: 2/2 levels left

rFire    . . .     SeeInvis .   a - +0 war axe
rCold    . . .     Gourm    +   c - +0 shield
rNeg     . . .     Faith    .   g - +0 chain mail
rPois    .         Spirit   .   (no helmet)
rElec    .         Reflect  .   (no cloak)
rCorr    .         Harm     .   (no gloves)
MR       .....                  (no boots)
Stlth    ..........             n - amulet of the gourmand
HPRegen  0.11/turn              k - +2 ring of dexterity
MPRegen  0.08/turn              (no ring)

@: confused
A: no striking features
a: no special abilities


You were on level 2 of the Dungeon.
You were not hungry.

You visited 1 branch of the dungeon, and saw 2 of its levels.

You collected 76 gold pieces.

Inventory:

Hand Weapons
 a - a +0 war axe (weapon)
Armour
 c - a +0 shield (worn)
 g - a +0 chain mail (worn)
Jewellery
 k - a +2 ring of dexterity (left hand)
 n - an amulet of the gourmand (around neck)
Scrolls
 b - a scroll of enchant armour {unknown}
 e - a scroll of enchant weapon {unknown}
 h - 2 scrolls of identify {unknown}
 j - a scroll of amnesia {unknown}
 m - a scroll of magic mapping {unknown}
 o - a scroll of fear {unknown}
Potions
 d - a potion of might
 i - a potion of curing {unknown}
 l - a potion of flight {unknown}
Comestibles
 f - 2 rations


   Skills:
 + Level 3.7 Fighting
 + Level 3.1 Axes
 * Level 3.7 Armour
 * Level 3.9 Shields


You had 2 spell levels left.
You didn't know any spells.
Your spell library was empty.

Dungeon Overview and Level Annotations

Branches:
Dungeon (2/15)

Altars:

Annotations:
D:2 Sigmund


Message History

You hit the bat.
You kill the bat!
You closely miss something. Something hits you.
You hit something.
You hear some strange, mumbled words.
You are confused.
You hear some strange, mumbled words.
You are more confused.
You hear some strange, mumbled words.
A magic dart appears from out of thin air!
The magic dart hits you. Something hits you.
You hear some strange, mumbled words.
A puff of flame appears from out of thin air!
The puff of flame hits you.
* * * LOW HITPOINT WARNING * * *
You closely miss something. Something hits you.
* * * LOW HITPOINT WARNING * * *
You bump into the rock wall.
Something hits you.
You die...

#..>..##.........
#.....)..........
#.#..>##.##...##.
#.##.###.#....#
#.............#
####.#####...##
#.# ###.# #.#
##.## #.# #†.@#
#.# #.†{..# #.#
#.......# #.#
#.........#
#.#.............
#.#...........#
#.##.........##
.....(.....


There were no monsters in sight!

Vanquished Creatures
  An adder (D:2)
  A dart slug (D:1)
  4 bats
  A goblin (D:1)
  A hobgoblin (D:1)
  6 kobolds
  A frilled lizard (D:1)
  3 rats (D:1)
18 creatures vanquished.

Notes
Turn   | Place    | Note
-------+----------+-------------------------------------------
     0 | D:1      | Error4North the Hill Orc Fighter began the quest for the
                  | Orb.
     0 | D:1      | Reached XP level 1. HP: 19/19 MP: 1/1
   105 | D:1      | Reached XP level 2. HP: 8/27 MP: 2/2
   819 | D:2      | Reached XP level 3. HP: 24/33 MP: 3/3
   847 | D:2      | Noticed Sigmund
   861 | D:2      | Slain by Sigmund

Levels and vault maps discovered:
D:1:      psy_arrival_radial01, layout_rooms
D:2:      layout_loops_ring, minitemple, first_ration, grunt_ministairs_11,
          uniq_sigmund, uniq_jessica

Skill      XL: |  1  2 |
---------------+-------+-----
Axes           | 3 |  3.1
Fighting       | |  3.7
Armour         | |  3.7
Shields        | |  3.9

Action                   || total
-------------------------++-------
Melee: War axe           ||    79
Armor: Scale mail        ||    18
       Chain mail        ||    46
Dodge: Dodged            ||    13
Block: Shield            ||    47

Table legend:
 A = Non-vault XP
 B = Vault XP
 C = Vault XP percentage of total XP
 D = Non-vault monster count
 E = Vault monster count
 F = Vault count percentage of total count
                 A         B        C        D         E       F
            +---------+---------+-------+---------+---------+-------
      Total |      41 |       0 |   0.0 |      18 |       0 |   0.0
            +---------+---------+-------+---------+---------+-------
        D:1 |      25 |       0 |   0.0 |      15 |       0 |   0.0
        D:2 |      16 |       0 |   0.0 |       3 |       0 |   0.0
            +---------+---------+-------+---------+---------+-------
